 Dungeon Crawl Stone Soup version 0.22.1-1-ga44c0e56f4 (webtiles) character file.

381601 Morbidden the Slayer (level 21, -2/212 HPs)
             Began as a Centaur Hunter on Oct 24, 2018.
             Was the Champion of Okawaru.
             Slain by an orc knight
             ... wielding a +0 long sword
             ... summoned by a boggart
              (27 damage)
             ... on level 2 of the Vaults.
             The game lasted 02:20:18 (46006 turns).

Morbidden the Slayer (Centaur Hunter)              Turns: 46006, Time: 02:20:18

Health: -2/212     AC: 39    Str: 21    XL:     21   Next: 91%
Magic:  0/27       EV: 18    Int: 10    God:    Okawaru [******]
Gold:   3359       SH:  5    Dex: 18    Spells: 20/20 levels left

rFire    . . .     SeeInvis .   M - +0 executioner's axe
rCold    + . .     Gourm    .   (shield currently unavailable)
rNeg     + + .     Faith    .   n - +7 Kryia's mail coat {PotionHeal*2 rC+}
rPois    .         Spirit   +   p - +2 hat of the Bear Spirit {Spirit, +Rage rN+ MR++}
rElec    +         Reflect  +   u - +2 cloak of the Mackerel {rElec MR++}
rCorr    .         Harm     .   i - +2 pair of gloves of Pessimism {Dex+4}
MR       +++++     Clarity  +   v - +2 centaur barding
Stlth    +.........             Q - +5 amulet of reflection
HPRegen  0.45/turn              Y - ring of the Messenger {rN+ EV+2}
MPRegen  0.20/turn              S - +3 ring of protection

@: heroism, finesse, slowed
A: large, hooves 3, clarity, deformed body, speed 2, mutation resistance 1,
tough skin 3
}: 2/15 runes: decaying, serpentine
a: Heroism, Finesse, Renounce Religion, Evoke Berserk Rage


You were on level 2 of the Vaults.
You worshipped Okawaru.
Okawaru was exalted by your worship.
You were not hungry.

You visited 8 branches of the dungeon, and saw 36 of its levels.
You also visited: Bailey and Ice Cave.

You collected 4131 gold pieces.
You spent 772 gold pieces at shops.

Inventory:

Hand Weapons
 a - the +6 longbow "Mianuq" {freeze, rElec rF+}
   (Okawaru gifted it to you on level 4 of the Lair of Beasts)

   It causes projectiles fired from it to freeze those they strike, causing
   extra injury to most foes and up to half again as much damage against
   particularly susceptible opponents.
   They can also slow down cold-blooded creatures.
   It protects you from fire.
   It insulates you from electricity.
 b - the +3 quarterstaff of a ziggurat {crush, +Fly rElec rPois}
   (Okawaru gifted it to you on level 11 of the Dungeon)

   It inflicts extra damage upon your enemies.
   It insulates you from electricity.
   It protects you from poison.
   It lets you fly.
 M - a +0 executioner's axe (weapon)
 V - a +4 longbow of freezing
Missiles
 E - 6 javelins (quivered)
 N - 1022 arrows
 W - 46 tomahawks of returning
Armour
 i - the +2 pair of gloves of Pessimism (worn) {Dex+4}
   (Okawaru gifted it to you on level 4 of the Snake Pit)

   It affects your dexterity (+4).
 m - a +0 crystal plate armour
 n - the +7 Kryia's mail coat (worn) {PotionHeal*2 rC+}
   (You found it on level 10 of the Dungeon)

   It protects you from cold.
 p - the +2 hat of the Bear Spirit (worn) {Spirit, +Rage rN+ MR++}
   (You found it on level 2 of the Swamp)

   It protects you from negative energy.
   It affects your resistance to hostile enchantments.
   It lets you go berserk.
 u - the +2 cloak of the Mackerel (worn) {rElec MR++}
   (Okawaru gifted it to you on level 2 of the Elven Halls)

   It insulates you from electricity.
   It affects your resistance to hostile enchantments.
 v - a +2 centaur barding (worn)
 I - a +0 centaur barding of cold resistance
 J - a +1 cloak of poison resistance
Jewellery
 z - an uncursed ring of protection from fire
 Q - a +5 amulet of reflection (around neck)
 S - a +3 ring of protection (right hand)
 Y - the ring of the Messenger (left hand) {rN+ EV+2}
   (You acquired it on level 13 of the Dungeon)

   [ring of evasion]

   It affects your evasion (+2).
   It protects you from negative energy.
Wands
 g - a wand of disintegration (70)
 y - a wand of iceblast (18)
 D - a wand of clouds (18)
 F - a wand of paralysis (25)
 O - a wand of acid (22)
 P - a wand of digging (19)
Scrolls
 c - 6 scrolls of magic mapping
 d - 5 scrolls of blinking
 h - 17 scrolls of teleportation
 k - 22 scrolls of remove curse
 o - 6 scrolls of amnesia
 q - 3 scrolls of enchant weapon
 s - 2 scrolls of fear
 C - 2 scrolls of summoning
 L - 8 scrolls of enchant armour
 T - 3 scrolls of identify
 U - 2 scrolls of silence
Potions
 e - 5 potions of might
 l - 3 potions of mutation
 r - 7 potions of curing
 t - 2 potions of magic
 x - a potion of haste
 A - 4 potions of lignification
 B - 3 potions of ambrosia
 G - 3 potions of berserk rage
 H - 3 potions of cancellation
 K - 6 potions of heal wounds
 R - a potion of resistance
 X - 4 potions of agility
Miscellaneous
 j - a box of beasts
 w - 3 phantom mirrors
 Z - a lamp of fire
Comestibles
 f - 53 rations


   Skills:
 + Level 23.4(27) Fighting
 * Level 4.4(9.4) Axes
 - Level 20.0(25.0) Bows
 + Level 3.2(8.2) Throwing
 + Level 12.5(17.5) Armour
 + Level 10.5(15.5) Dodging
 - Level 0.4(5.4) Stealth
 - Level 7.7 Invocations
 * Level 8.2 Evocations


You had 20 spell levels left.
You didn't know any spells.
Your spell library contained the following spells:

 Spells                   Type           Power        Failure   Level  Hunger
 Animate Skeleton         Necr           N/A          58%         1    ##.....
 Apportation              Tloc           #.....       58%         1    ##.....
 Confusing Touch          Hex            #.....       58%         1    ##.....
 Corona                   Hex            #......      58%         1    ##.....
 Flame Tongue             Conj/Fire      #....        58%         1    ##.....
 Shock                    Conj/Air       #...         58%         1    ##.....
 Summon Butterflies       Summ           #.......     58%         1    ##.....
 Summon Small Mammal      Summ           #...         58%         1    ##.....
 Call Imp                 Summ           #.......     73%         2    ###....
 Ensorcelled Hibernation  Hex/Ice        #.....       73%         2    ###....
 Poisonous Vapours        Pois/Air       #.....       73%         2    ###....
 Swiftness                Chrm/Air       #.......     73%         2    ###....
 Throw Flame              Conj/Fire      #.....       73%         2    ###....
 Call Canine Familiar     Summ           #.......     91%         3    ####...
 Confuse                  Hex            #.......     91%         3    ####...
 Conjure Flame            Conj/Fire      #.......     91%         3    ####...
 Dazzling Spray           Conj/Hex       #.....       91%         3    ####...
 Gell's Gravitas          Tloc           #.........   91%         3    ####...
 Inner Flame              Hex/Fire       #.......     91%         3    ####...
 Portal Projectile        Hex/Tloc       #.....       91%         3    ####...
 Recall                   Summ/Tloc      N/A          91%         3    ####...
 Static Discharge         Conj/Air       #.......     91%         3    ####...
 Summon Guardian Golem    Hex/Summ       #.......     91%         3    ####...
 Tukima's Dance           Hex            #.......     91%         3    ####...
 Airstrike                Air            #.........   100%        4    #####..
 Animate Dead             Necr           N/A          100%        4    #####..
 Force Lance              Conj/Tloc      #.......     100%        4    #####..
 Fulminant Prism          Conj/Hex       #.........   100%        4    #####..
 Sticky Flame             Conj/Fire      #.......     100%        4    #####..
 Summon Ice Beast         Ice/Summ       #.......     100%        4    #####..
 Summon Lightning Spire   Summ/Air       #.......     100%        4    #####..
 Alistair's Intoxication  Tmut/Pois      #.......     100%        5    ######.
 Borgnjor's Vile Clutch   Necr/Erth      #.........   100%        5    ######.
 Fireball                 Conj/Fire      #.........   100%        5    ######.
 Lightning Bolt           Conj/Air       #.........   100%        5    ######.
 Summon Demon             Summ           #.........   100%        5    ######.
 Summon Mana Viper        Hex/Summ       #.......     100%        5    ######.
 Death Channel            Necr           #.........   100%        6    #######
 Dispersal                Tloc           #.........   100%        6    #######
 Shadow Creatures         Summ           N/A          100%        6    #######
 Simulacrum               Ice/Necr       #.........   100%        6    #######
 Controlled Blink         Tloc           N/A          100%        8    #######
 Disjunction              Tloc           #.........   100%        8    #######


Dungeon Overview and Level Annotations

Branches:
Dungeon (15/15)            Temple (1/1) D:7            Lair (6/6) D:11
  Swamp (4/4) Lair:3        Snake (4/4) Lair:3        Slime (0/5) Lair:6
    Orc (2/2) D:10            Elf (2/3) Orc:2        Vaults (2/5) D:14
 Depths (0/5) D:15
  Crypt: Vaults:2-3

Altars:
Ashenzari
Elyvilon
Gozag
Hepliaklqana
Kikubaaqudgha
Okawaru
Qazlal
Sif Muna
Vehumet
Wu Jian
Xom
Yredelemnul
The Shining One
Beogh
Jiyva

Shops:
D:4 =   D:9 (   D:11 =   D:12 (:(:   Orc:2 (}*[   Elf:2 ?


Innate Abilities, Weirdness & Mutations

You have hooves in place of feet.
Armour fits poorly on your strangely shaped body.
You cover ground very quickly.
You have extremely tough skin. (AC +3)
You possess an exceptional clarity of mind.
You are somewhat resistant to further mutation.


Message History

The rakshasa hits you but does no damage.
Unknown command.
You hit the orc knight. Your kick misses the orc knight.
The orc knight is heavily wounded.
The orc knight completely misses you.
The yaktaur captain wields an arbalest.
The yaktaur captain shoots a bolt.
The bolt hits you!! The rakshasa misses you.
You hit the orc knight but do no damage.
You kick the orc knight.
The orc knight is heavily wounded.
The orc knight hits you with a long sword!!
* * * LOW HITPOINT WARNING * * *
The boggart mumbles some strange words.
The rakshasa blinks!
The yaktaur captain shoots a bolt.
The bolt hits you!!
* * * LOW HITPOINT WARNING * * *
You slash the orc knight!
The orc knight is heavily wounded.
You slice the rakshasa!! You closely miss the redback.
You hit the entropy weaver.
The orc knight hits you with a long sword!!
You die...

#...#..#........
#.#.#(.#........
#...#..#........
##..(#..#........
#.......+...##'##
########.......#(..#....
.......#g......#...#....
......R#o(#.#.##...#.>..
....(.s@a##...##..(#....
...((.('..#...##)..#....
.......#..#...##...#....
....(.(#(.######...#....
######'##+# #...#.... #c
#...#.... .. #...'....
.# #...##### #........


You could see a yaktaur captain, an entropy weaver, an orc knight, a rakshasa, a
redback and a boggart.

Vanquished Creatures
  Vashnia (Snake:4)
  Nikola (Snake:4)
  A bone dragon (Swamp:4)
  A titan (Vaults:2)
  A deep elf blademaster (Elf:2)
  Frances (D:14)
  2 sphinxes (Vaults:1)
  Kirke (Lair:4)
  Agnes (D:14)
  A storm dragon (Vaults:1)
  3 thorn hunters
  11 nagarajas
  2 frost giants
  8 vault wardens
  5 ironheart preservers (Vaults:1)
  3 orc warlords
  A stone giant (Vaults:2)
  2 deep elf annihilators
  An ettin (Vaults:1)
  A deep elf death mage (Elf:2)
  Snorg (D:10)
  Josephine (D:10)
  2 fire dragons
  Harold (D:7)
  5 yaktaur captains
  26 naga warriors
  9 hydras
  2 catoblepae
  6 vault guards (Vaults:1)
  9 anacondas
  3 ghost crabs (Swamp:4)
  A death knight (Vaults:1)
  7 centaur warriors
  15 alligators
  2 ogre magi (Vaults:1)
  23 dancing weapons
  8 death yaks
  7 two-headed ogres
  A deep troll earth mage (Vaults:1)
  A deep troll shaman (Vaults:1)
  3 orc high priests (Orc:2)
  10 shock serpents
  16 naga sharpshooters
  Nergalle (Lair:4)
  Sonja (Lair:3)
  A small abomination (Elf:2)
  12 deep elf knights
  An iron troll (shapeshifter) (Vaults:1)
  7 salamander mystics
  A fire crab (shapeshifter) (Vaults:2)
  5 sea snakes (Snake:2)
  2 wizards (Elf:1)
  2 shambling mangroves
  5 unseen horrors
  A glowing orange brain (Vaults:1)
  A flayed ghost (Vaults:1)
  A death drake (Swamp:4)
  A deep troll (Vaults:1)
  7 naga ritualists
  6 deep elf archers
  A phantasmal warrior (Swamp:4)
  2 spectral hydras (Swamp:4)
  A spriggan druid (Swamp:2)
  5 ironbrand convokers
  2 harpies (shapeshifter)
  5 swamp dragons
  9 orc knights
  An orb spider (shapeshifter) (D:15)
  57 deep elf magi
  12 mana vipers
  A wolf spider zombie (D:11)
  A wolf spider (Vaults:1)
  A manticore (D:10)
  7 orc sorcerers
  16 ugly things
  6 cyclopes
  13 salamanders
  7 guardian serpents
  25 black mambas
  11 elephants (Lair:6)
  6 vault sentinels
  Joseph (D:9)
  17 naga magi
  An ice statue (IceCv)
  2 gargoyles
  28 spiny frogs
  4 centaur skeletons
  2 torpor snails (Lair:5)
  2 komodo dragons
  3 freezing wraiths
  4 kobold demonologists
  A rime drake (IceCv)
  4 swamp worm zombies (Swamp:4)
  25 yaktaurs
  2 ice devils (Lair:2)
  An efreet (D:15)
  2 hellwings (D:11)
  5 hydra zombies (Swamp:4)
  14 hornets
  A meliai (shapeshifter) (D:14)
  3 trolls
  18 polar bears
  13 tyrant leeches
  29 blink frogs
  14 hippogriffs
  17 slime creatures
  12 bog bodies
  2 spectral swamp dragons (Swamp:4)
  7 dream sheep (Lair:5)
  3 alligator zombies (Swamp:4)
  A meliai zombie (D:14)
  4 shadows
  A spriggan (shapeshifter) (Vaults:1)
  4 water elementals (Elf:1)
  9 spriggans
  5 wraiths
  A human (shapeshifter) (Vaults:1)
  A wyvern (Lair:3)
  3 fire elementals (Elf:2)
  A human (D:7)
  Eustachio (D:5)
  48 yaks
  5 hogs
  A fire bat (shapeshifter) (D:14)
  5 basilisks
  35 vampire mosquitoes
  Grum (D:10)
  12 swamp worms
  9 wargs
  65 nagas
  An acid dragon (D:13)
  13 insubstantial wisps
  15 water moccasins
  7 porcupines
  A floating eye (Vaults:1)
  2 swamp dragon zombies (Swamp:4)
  2 black bears
  A black bear (shapeshifter) (D:10)
  A hornet zombie (D:8)
  2 ice beasts
  8 swamp drakes
  An eye of draining (shapeshifter) (Vaults:1)
  46 orc warriors
  8 sky beasts
  5 boggarts
  5 phantoms
  6 ogres
  29 wolves
  21 centaurs
  5 big kobolds
  9 crocodiles
  Blork the orc (D:5)
  3 earth elementals (Elf:1)
  3 wyvern zombies
  26 bullfrogs
  A gnoll sergeant (D:10)
  5 scorpions
  5 killer bees (D:9)
  13 wights
  9 electric eels
  A howler monkey (D:4)
  7 crimson imps
  2 centaur zombies
  A bullfrog zombie (D:11)
  2 jellies
  3 hounds
  4 bullfrog skeletons
  20 orc priests
  32 orc wizards
  Crazy Yiuf (D:5)
  Jessica (Elf:2)
  5 iguanas
  Natasha (thrice) (D:2)
  3 spectral swamp drakes (Swamp:4)
  13 worker ants
  A hound skeleton (D:8)
  A worker ant zombie (D:9)
  Robin (D:2)
  9 gnolls
  13 adders
  A swamp drake zombie (Swamp:4)
  5 shadow imps
  An adder zombie (D:5)
  3 worms
  6 dart slugs
  6 leopard geckos
  83 orcs
  A ball python (D:4)
  7 bats
  8 giant cockroaches
  23 goblins
  13 hobgoblins
  4 jackals
  31 kobolds
  5 quokkas
  4 frilled lizards
  A jackal zombie (D:8)
  3 quokka skeletons
  8 rats
  A crawling corpse (Elf:2)
  3 fungi
  5 plants
1499 creatures vanquished.

Vanquished Creatures (collateral kills)
  A spiny frog (Lair:3)
  A naga (Lair:3)
2 creatures vanquished.

Vanquished Creatures (others)
  Nessos (D:12)
  A centaur warrior (D:15)
  An ogre mage (Vaults:1)
  A dancing weapon (Elf:1)
  2 deep elf archers
  A yaktaur (Vaults:1)
  A water elemental (Elf:1)
  2 humans (Lair:4)
  A swamp drake (Swamp:4)
  A centaur (D:9)
  An orc wizard (D:9)
  A kobold (D:10)
  A bush (Lair:4)
  29 fungi
  53 plants
  5 withered plants (D:11)
102 creatures vanquished.

Grand Total: 1603 creatures vanquished

Notes
Turn   | Place    | Note
-------+----------+-------------------------------------------
     0 | D:1      | Morbidden the Centaur Hunter began the quest for the Orb.
     0 | D:1      | Reached XP level 1. HP: 17/17 MP: 1/1
   100 | D:1      | Reached XP level 2. HP: 20/24 MP: 2/2
   553 | D:1      | Reached XP level 3. HP: 26/29 MP: 3/3
   887 | D:2      | Noticed Robin
   962 | D:2      | Killed Robin
  1304 | D:2      | Reached XP level 4. HP: 34/36 MP: 4/4
  1358 | D:2      | Found a stormy altar of Qazlal.
  1358 | D:2      | Found a radiant altar of Vehumet.
  1528 | D:2      | Noticed Natasha
  1538 | D:2      | Killed Natasha
  1944 | D:2      | Noticed Natasha
  1954 | D:2      | Killed Natasha
  1954 | D:2      | Reached XP level 5. HP: 17/42 MP: 5/5
  2159 | D:2      | Noticed Natasha
  2172 | D:2      | Killed Natasha
  2431 | D:3      | Reached skill level 1 in Armour
  3182 | D:4      | Found an ornate altar of the Wu Jian Council.
  3203 | D:4      | Reached XP level 6. HP: 26/50 MP: 6/6
  3565 | D:4      | Reached skill level 3 in Fighting
  3806 | D:4      | Found Cahem's Jewellery Shop.
  3918 | D:4      | Reached XP level 7. HP: 53/57 MP: 7/7
  3996 | D:4      | Reached skill level 10 in Bows
  4273 | D:4      | Found a shattered altar of Ashenzari.
  4365 | D:5      | Entered Level 5 of the Dungeon
  4441 | D:5      | Noticed Blork the orc
  4465 | D:5      | Killed Blork the orc
  4603 | D:5      | Reached XP level 8. HP: 47/66 MP: 8/8
  4858 | D:5      | Noticed Eustachio
  4871 | D:5      | Killed Eustachio
  4871 | D:5      | Reached skill level 4 in Fighting
  5240 | D:5      | Found a runed door.
  5245 | D:5      | Noticed Crazy Yiuf
  5293 | D:5      | Killed Crazy Yiuf
  6145 | D:6      | Reached skill level 1 in Throwing
  6560 | D:6      | Gained mutation: You are somewhat resistant to further
                  | mutation. [potion of mutation]
  6560 | D:6      | Gained mutation: You possess an exceptional clarity of
                  | mind. [potion of mutation]
  7198 | D:7      | Noticed a hippogriff
  7200 | D:7      | Noticed Harold
  7233 | D:7      | Reached skill level 5 in Fighting
  7233 | D:7      | Reached XP level 9. HP: 24/74 MP: 9/9
  7691 | D:7      | Found a staircase to the Ecumenical Temple.
  7700 | Temple   | Entered the Ecumenical Temple
  7777 | Temple   | Became a worshipper of Warmaster Okawaru
  7872 | D:7      | Killed Harold
  7872 | D:7      | Reached * piety under Okawaru
  8042 | D:7      | Reached ** piety under Okawaru
  8175 | D:7      | Reached skill level 6 in Fighting
  8195 | D:7      | Reached skill level 5 in Armour
  8465 | D:7      | Reached XP level 10. HP: 83/83 MP: 10/10
  8978 | D:8      | Reached skill level 1 in Invocations
  9070 | D:8      | Noticed a two-headed ogre
  9079 | D:8      | Reached *** piety under Okawaru
  9337 | D:8      | Killed a two-headed ogre
  9337 | D:8      | Received a gift from Okawaru
  9337 | D:8      | Reached skill level 15 in Bows
  9938 | D:8      | Found a deep blue altar of Sif Muna.
 10115 | D:8      | Killed an unseen horror
 10115 | D:8      | Reached **** piety under Okawaru
 10115 | D:8      | Reached skill level 7 in Fighting
 10320 | D:9      | Noticed a two-headed ogre
 10361 | D:9      | Killed a two-headed ogre
 10635 | D:9      | Found a white marble altar of Elyvilon.
 10638 | D:9      | Found a hazy altar of Hepliaklqana.
 10638 | D:9      | Found an opulent altar of Gozag.
 10641 | D:9      | Found a basalt altar of Yredelemnul.
 10778 | D:9      | Noticed Joseph
 10831 | D:9      | Killed Joseph
 10831 | D:9      | Reached ***** piety under Okawaru
 10831 | D:9      | Received a gift from Okawaru
 10869 | D:9      | Found Qigin's Antique Weapon Emporium.
 10998 | D:4      | Bought a +5 amulet of reflection for 412 gold pieces
 11787 | D:9      | Reached XP level 11. HP: 94/94 MP: 12/12
 12057 | D:10     | Entered Level 10 of the Dungeon
 12159 | D:10     | Reached skill level 8 in Fighting
 12513 | D:10     | Found a staircase to the Orcish Mines.
 12744 | D:10     | Noticed Josephine
 12758 | D:10     | Killed Josephine
 12758 | D:10     | Received a gift from Okawaru
 12880 | D:10     | Noticed a two-headed ogre
 12891 | D:10     | Killed a two-headed ogre
 13326 | D:10     | Noticed Grum
 13342 | D:10     | Killed Grum
 13477 | D:10     | Noticed Snorg
 13484 | D:10     | Reached skill level 9 in Fighting
 13717 | D:10     | Noticed a deep elf mage
 13730 | D:10     | Noticed an orc sorcerer
 13750 | D:10     | Killed a deep elf mage
 13763 | D:10     | Killed an orc sorcerer
 13763 | D:10     | Received a gift from Okawaru
 13890 | D:10     | Killed Snorg
 13890 | D:10     | Received a gift from Okawaru
 13890 | D:10     | Reached ****** piety under Okawaru
 14062 | D:10     | Got a fine iron ring
 14153 | D:10     | Noticed a centaur warrior
 14164 | D:10     | Killed a centaur warrior
 14164 | D:10     | Reached XP level 12. HP: 64/105 MP: 13/13
 14189 | D:10     | Found the +7 Kryia's mail coat {PotionHeal*2 rC+}
 14190 | D:10     | Identified the Catalogue of Mutagenic Summoning
 14377 | D:11     | Found Jaeczar's Jewellery Shop.
 14434 | D:11     | Noticed a two-headed ogre
 14745 | D:11     | Received a gift from Okawaru
 14770 | D:11     | Identified the ring "Zuadam" {-Tele rPois MR+ Int+2 Dex+7}
                  | (You took it off a kobold demonologist on level 10 of the
                  | Dungeon)
 14771 | D:11     | Identified the +3 quarterstaff of a ziggurat {crush, +Fly
                  | rElec rPois} (Okawaru gifted it to you on level 11 of the
                  | Dungeon)
 14841 | D:11     | Found a staircase to the Lair.
 14994 | D:11     | Killed a two-headed ogre
 14994 | D:11     | Reached skill level 10 in Fighting
 15408 | Lair:1   | Entered Level 1 of the Lair of Beasts
 15850 | Lair:1   | Received a gift from Okawaru
 16034 | Lair:1   | Received a gift from Okawaru
 16549 | Lair:2   | Reached XP level 13. HP: 86/114 MP: 14/14
 16627 | Lair:2   | Received a gift from Okawaru
 16757 | Lair:2   | Found a frozen archway.
 16786 | IceCv    | Entered an ice cave
 16798 | IceCv    | Reached skill level 11 in Fighting
 16804 | IceCv    | Received a gift from Okawaru
 16963 | IceCv    | Got a jewelled rapier
 17330 | IceCv    | Noticed a frost giant
 17345 | IceCv    | Killed a frost giant
 17345 | IceCv    | Reached skill level 12 in Fighting
 17345 | IceCv    | Reached skill level 1 in Evocations
 18253 | Lair:3   | Found a staircase to the Swamp.
 18364 | Lair:3   | Found a staircase to the Snake Pit.
 18670 | Lair:3   | Noticed Sonja
 18686 | Lair:3   | Killed Sonja
 19157 | Lair:4   | Received a gift from Okawaru
 19160 | Lair:4   | Reached skill level 5 in Invocations
 19164 | Lair:4   | Received a gift from Okawaru
 19175 | Lair:4   | Reached skill level 13 in Fighting
 19179 | Lair:4   | Got an iridescent longbow {god gift}
 19181 | Lair:4   | Identified the +6 longbow "Mianuq" {freeze, rElec rF+}
                  | (Okawaru gifted it to you on level 4 of the Lair of Beasts)
 19187 | Lair:4   | Identified the +2 rapier of Laceration {vamp, rF- Int+8}
                  | (You found it in an ice cave)
 19328 | Lair:4   | Noticed Nergalle
 19328 | Lair:4   | Noticed Kirke
 19336 | Lair:4   | Killed Kirke
 19336 | Lair:4   | Reached XP level 14. HP: 117/129 MP: 16/18
 19361 | Lair:4   | Killed Nergalle
 19712 | Lair:5   | Received a gift from Okawaru
 19729 | Lair:4   | Received a gift from Okawaru
 20600 | Lair:6   | Entered Level 6 of the Lair of Beasts
 20790 | Lair:6   | Reached skill level 14 in Fighting
 21166 | Lair:6   | Received a gift from Okawaru
 21367 | Lair:6   | Found a staircase to the Slime Pits.
 21367 | Lair:6   | Found a viscous altar of Jiyva.
 21619 | Lair:6   | Reached skill level 15 in Fighting
 22356 | Orc:1    | Entered Level 1 of the Orcish Mines
 22546 | Orc:2    | Entered Level 2 of the Orcish Mines
 22546 | Orc:2    | Found a staircase to the Elven Halls.
 22671 | Orc:2    | Found a roughly hewn altar of Beogh.
 22705 | Orc:2    | Noticed an orc warlord
 22721 | Orc:2    | Killed an orc warlord
 22721 | Orc:2    | Received a gift from Okawaru
 22721 | Orc:2    | Reached XP level 15. HP: 141/141 MP: 13/20
 23179 | Orc:2    | Received a gift from Okawaru
 23289 | Orc:2    | Found Jofo's Antique Armour Boutique.
 23344 | Orc:2    | Found Qaol's Assorted Antiques.
 23362 | Orc:2    | Found Lacuocol's Gadget Emporium.
 23367 | Orc:2    | Found Najinn's Weapon Boutique.
 23392 | Orc:2    | Bought a wand of clouds (6) for 360 gold pieces
 23565 | D:12     | Noticed Nessos
 23574 | D:12     | Killed Nessos
 23812 | D:12     | Found Funuu's Weapon Emporium.
 23814 | D:12     | Found Bicoloq's Book Emporium.
 23819 | D:12     | Found Zinyh's Weapon Emporium.
 23825 | D:12     | Found Wapaq's Book Emporium.
 23833 | D:12     | Identified a scroll of acquirement
 23837 | D:12     | Got an encrusted cloak
 23849 | D:12     | Identified the +0 cloak "Dokhlidaa" {Int+5} (You acquired
                  | it on level 12 of the Dungeon)
 24824 | D:13     | Reached skill level 16 in Fighting
 24907 | D:13     | Got a bound bronze ring
 24910 | D:13     | Identified the ring of the Messenger {rN+ EV+2} (You
                  | acquired it on level 13 of the Dungeon)
 25396 | D:14     | Found a flagged portal.
 25447 | Bailey   | Entered a bailey
 25452 | Bailey   | Noticed an orc warlord
 25574 | Bailey   | Found a runed gate.
 25575 | Bailey   | Found a runed gate.
 25579 | Bailey   | Found a runed gate.
 25756 | Bailey   | Killed an orc warlord
 25756 | Bailey   | Received a gift from Okawaru
 25780 | Bailey   | Reached skill level 10 in Armour
 25780 | Bailey   | Reached XP level 16. HP: 151/151 MP: 18/21
 25798 | Bailey   | Identified the ring of the Middle {rN+ Dex+2} (You acquired
                  | it in a bailey)
 26102 | D:14     | Received a gift from Okawaru
 26202 | D:14     | Noticed Frances
 26202 | D:14     | Noticed Agnes
 26221 | D:14     | Killed Agnes
 26232 | D:14     | Killed Frances
 26300 | D:14     | Received a gift from Okawaru
 26926 | D:14     | Found a gate to the Vaults.
 26968 | D:14     | Received a gift from Okawaru
 27090 | D:15     | Entered Level 15 of the Dungeon
 27216 | D:15     | Reached skill level 17 in Fighting
 27632 | D:15     | Found a staircase to the Depths.
 28510 | Snake:1  | Entered Level 1 of the Snake Pit
 28697 | Snake:1  | Reached XP level 17. HP: 145/162 MP: 22/22
 28916 | Snake:1  | Reached skill level 5 in Dodging
 29555 | Snake:2  | Received a gift from Okawaru
 29569 | Snake:2  | Reached skill level 18 in Fighting
 29709 | Snake:2  | Identified Funot's Volume of Venomous Curses
 31566 | Snake:3  | Received a gift from Okawaru
 31703 | Snake:3  | Identified the ring of Zaod Yxumunt {rF+ rN+} (You acquired
                  | it on level 3 of the Snake Pit)
 31891 | Snake:3  | Received a gift from Okawaru
 31988 | Snake:4  | Entered Level 4 of the Snake Pit
 32081 | Snake:4  | Received a gift from Okawaru
 32089 | Snake:4  | Got a pair of faintly glowing gloves {god gift}
 32095 | Snake:4  | Identified the +2 pair of gloves of Pessimism {Dex+4}
                  | (Okawaru gifted it to you on level 4 of the Snake Pit)
 32140 | Snake:4  | Noticed Nikola
 32156 | Snake:4  | Killed Nikola
 32287 | Snake:4  | Reached skill level 5 in Evocations
 32290 | Snake:4  | Reached skill level 19 in Fighting
 32316 | Snake:4  | Reached XP level 18. HP: 98/176 MP: 18/23
 32603 | Snake:4  | Noticed Vashnia
 32701 | Snake:4  | Found a runed door.
 33168 | Snake:4  | Received a gift from Okawaru
 33441 | Snake:4  | Killed Vashnia
 33984 | Snake:4  | Reached skill level 20 in Fighting
 34177 | Snake:4  | Got a serpentine rune of Zot
 34732 | Swamp:1  | Entered Level 1 of the Swamp
 36027 | Swamp:2  | Received a gift from Okawaru
 36716 | Swamp:2  | Reached XP level 19. HP: 158/187 MP: 24/24
 36778 | Swamp:2  | Found the +2 hat of the Bear Spirit {Spirit, +Rage rN+
                  | MR++}
 38002 | Swamp:4  | Entered Level 4 of the Swamp
 38393 | Swamp:4  | Reached skill level 21 in Fighting
 38482 | Swamp:4  | Reached XP level 20. HP: 198/198 MP: 25/25
 39315 | Swamp:4  | Received a gift from Okawaru
 39854 | Swamp:4  | Noticed a bone dragon
 39867 | Swamp:4  | Killed a bone dragon
 39950 | Swamp:4  | Got a decaying rune of Zot
 40327 | Elf:1    | Entered Level 1 of the Elven Halls
 41588 | Elf:2    | Found Fipuwev's Magic Scroll Shoppe.
 41752 | Elf:2    | Noticed Jessica
 41753 | Elf:2    | Killed Jessica
 41761 | Elf:2    | Found a deep blue altar of Sif Muna.
 41927 | Elf:2    | Found a huge runed gate.
 41927 | Elf:2    | Found a huge runed gate.
 41927 | Elf:2    | Found a huge runed gate.
 41929 | Elf:2    | Found a huge runed gate.
 41930 | Elf:2    | Found a huge runed gate.
 41969 | Elf:2    | Reached skill level 22 in Fighting
 42048 | Elf:2    | Received a gift from Okawaru
 42054 | Elf:2    | Identified the +2 cloak of the Mackerel {rElec MR++}
                  | (Okawaru gifted it to you on level 2 of the Elven Halls)
 42239 | Elf:2    | Reached XP level 21. HP: 193/204 MP: 27/27
 42347 | Elf:2    | Reached skill level 10 in Dodging
 42667 | Vaults:1 | Entered Level 1 of the Vaults
 43065 | Vaults:1 | Paralysed by a floating eye for 4 turns
 43144 | Vaults:1 | Reached skill level 1 in Axes
 43163 | Vaults:1 | Paralysed by a floating eye for 3 turns
 43204 | Vaults:1 | Received a gift from Okawaru
 44031 | Vaults:1 | Noticed a caustic shrike
 44031 | Vaults:1 | an iron dragon changed into a caustic shrike
 44034 | Vaults:1 | a caustic shrike changed into a quicksilver dragon
 44045 | Vaults:1 | Reached skill level 23 in Fighting
 45694 | Vaults:2 | Identified the +6 broad axe "Beetleslayer" {flame, rElec
                  | rPois Str+2 Stlth+} (You found it on level 2 of the Vaults)
 45983 | Vaults:2 | Received a gift from Okawaru
 46006 | Vaults:2 | Slain by an orc knight

Skill      XL: |  1  2  3  4  5  6  7  8  9 10 11 12 13 14 15 16 17 18 19 20 21 |
---------------+----------------------------------------------------------------+-----
Bows           | 6 7 8 9 11 13 14 15 18 20 | 20.0
Armour         | 1 2 3 5 6 7 8 9 10 11 12 | 12.5
Fighting       | 3 5 6 7 9 10 13 15 16 17 19 20 21 22 23 | 23.4
Throwing       | 1 2 3 |  3.2
Invocations    | 2 5 7 |  7.7
Dodging        | 2 3 4 6 7 9 10 | 10.5
Evocations     | 1 2 5 7 8 |  8.2
Axes           | 4 |  4.4
Stealth        | |  0.4

Action                   |  1- 3 |  4- 6 |  7- 9 | 10-12 | 13-15 | 16-18 | 19-21 || total
-------------------------+-------+-------+-------+-------+-------+-------+-------++-------
Melee: Dagger            |    15 |   146 |   199 |   115 |       |       |       ||   475
       Short sword       |     8 |       |       |       |       |       |       ||     8
       Kick              |     5 |    29 |    68 |    39 |    24 |    11 |     5 ||   181
       Quarterstaff      |       |       |     6 |    11 |    51 |    23 |       ||    91
       Shortbow          |       |       |     1 |     3 |       |       |       ||     4
       Longbow           |       |       |       |       |       |     1 |       ||     1
       Executioner's axe |       |       |       |       |       |       |    14 ||    14
 Fire: Shortbow          |   113 |    54 |   213 |   605 |       |       |       ||   985
       Longbow           |       |       |       |   341 |  1088 |  1477 |  1535 ||  4441
Throw: Javelin           |       |       |    22 |       |     7 |       |       ||    29
Invok: Heroism           |       |       |       |     3 |     4 |     7 |     3 ||    17
       Finesse           |       |       |       |       |     2 |     5 |     5 ||    12
Evoke: Wand              |       |       |       |     6 |     6 |     1 |     4 ||    17
       Lamp of fire      |       |       |       |       |     1 |     2 |     2 ||     5
  Use: Scroll            |       |     5 |     4 |    22 |     9 |    10 |     9 ||    59
       Potion            |       |       |     6 |     5 |     1 |     7 |     4 ||    23
 Stab: Paralysed         |       |       |       |     8 |       |       |       ||     8
  Eat: Chunk             |       |     7 |    11 |    16 |    15 |     6 |     6 ||    61
       Ration            |       |       |       |     1 |     3 |     6 |     5 ||    15
Armor: Leather armour    |     3 |       |       |       |       |       |       ||     3
       Plate armour      |    34 |   107 |   141 |   196 |       |       |       ||   478
       Chain mail        |       |       |    32 |    45 |       |       |       ||    77
       Skin              |       |       |     6 |   134 |       |       |       ||   140
       Scale mail        |       |       |       |   121 |   200 |   306 |   429 ||  1056
Dodge: Dodged            |    10 |    13 |    34 |    83 |    87 |   199 |   360 ||   786
Block: Other             |       |       |       |    72 |    58 |    86 |   138 ||   354
       Reflection        |       |       |       |     7 |     9 |    15 |    28 ||    59
